Login

Edmonton Oilers vs Dallas Stars

Created - 19 April 2024 at 23:08

Goals
1 2 3 T
Edmonton Oilers 1 1 0 2
Dallas Stars 1 1 3 5
Shots
1 2 3 T
Edmonton Oilers 12 10 8 30
Dallas Stars 10 10 18 38

GoalsPenalties
1st period
1. Edmonton Oilers , Zach Hyman 10 (Connor McDavid 11) at 10:02
2. Dallas Stars , Roope Hintz 10 (Jamie Benn 8) at 14:13 (PP)
Lane Pederson (EDM) for Roughing (Minor) at 4:08
Derek Ryan (EDM) for Interference (Minor) at 13:19
Derrick Pouliot (DAL) for Hooking (Minor) at 14:31
2nd period
3. Dallas Stars , Wyatt Johnston 1 (Miro Heiskanen 15, Craig Smith 3) at 7:49
4. Edmonton Oilers , Ryan Nugent-Hopkins 7 (MacKenzie Weegar 4, Evan Bouchard 9) at 8:27
Nils Lundkvist (DAL) for Tripping (Minor) at 0:46
Zach Hyman (EDM) for Interference (Minor) at 11:41
Jani Hakanpaa (DAL) for Tripping (Minor) at 15:33
3rd period
5. Dallas Stars , Jamie Benn 6 (Jani Hakanpaa 3, Sam Steel 5) at 6:18
6. Dallas Stars , Joe Pavelski 7 (Miro Heiskanen 16, Roope Hintz 9) at 6:41
7. Dallas Stars , Tyler Seguin 5 (Matt Duchene 8) at 16:27
Mason Marchment (DAL) for Roughing (Minor) at 0:37
Ryan Suter (DAL) for High sticking (Minor) at 9:13
Jani Hakanpaa (DAL) for Tripping (Minor) at 16:50
Ryan Nugent-Hopkins (EDM) for Roughing (Minor) at 17:27
Goalie Stats
Stuart Skinner (EDM), 33 saves from 38 shots - (0.868), L, 6-5-2, 60:00 minutes
Jake Oettinger (DAL), 28 saves from 30 shots - (0.933), W, 12-4-2, 60:00 minutes
3 StarsOfficial
1 - Jamie Benn (DAL)
2 - Roope Hintz (DAL)
3 - Miro Heiskanen (DAL)
Referees : Chris Schlenker and Gord Dwyer
Linesman : Stephen Drain and Shaun Morgan
Game Note
Derrick Pouliot is injured at 17:43 of 1st period (Strained Right Knee)
Finance
Level 1 -- Attendance: 5775 (96.25%) -- Ticket Income $577,500
Level 2 -- Attendance: 4669 (93.38%) -- Ticket Income $280,140
Level 3 -- Attendance: 1429 (71.45%) -- Ticket Income $50,015
Level 4 -- Attendance: 3353 (83.83%) -- Ticket Income $83,825
Luxury Box -- Attendance: 1000 (100.00%) -- Ticket Income $200,000
Game was played at the American Airlines Center.
Total Attendance: 16226 (90.14%)
Total Ticket Income: $1,191,480
Other Income: $583,825
Total Income: $1,775,305



Team Name Goals Shots Shots Attemp Shots Blocked PIM HIT PP PK FO%
Edmonton Oilers 2304798180 / 6 (0%)163%
Dallas Stars 53864812251 / 4 (25%)037%

Edmonton Oilers
Player Name POS G A P +/- PIM HIT SHT SB MP PP MP PP SHT PK MP PK SHT FO% FOT GA TA
Adam ErneLW000-1001011:411:0400:030100% 100
Brett KulakD000-2022017:250:4202:2300% 000
Connor McDavidC011-1000021:315:5001:38060% 3000
Derek RyanC0000212010:504:4100:00060% 500
Dylan HollowayLW000000206:570:3600:0000% 000
Evan BouchardD0111020022:393:3301:0300% 040
Evander KaneLW0000012018:393:4402:2200% 000
Lane PedersonC000021106:310:0000:0000% 000
Leon DraisaitlC0000021120:167:0910:00070% 2000
MacKenzie WeegarD011-2043228:275:5204:2610% 001
Mattias EkholmD0001020324:412:4103:0600% 001
Mattias JanmarkC000-1003120:014:4121:3800% 010
Philip BrobergD000-100009:501:0000:0000% 000
Ryan McLeodC0000011011:540:0000:0000% 000
Ryan Nugent-HopkinsC101-1208018:504:4813:25050% 1020
Sam GagnerC000-1010111:220:1700:0300% 001
Vincent DesharnaisD000-100009:110:5300:0000% 000
Zach HymanLW101-1214122:205:0801:490100% 100
Dallas Stars
Player Name POS G A P +/- PIM HIT SHT SB MP PP MP PP SHT PK MP PK SHT FO% FOT GA TA
Craig SmithC011102209:480:0001:4300% 300
Derrick PouliotD000-120014:370:0000:0000% 000
Jamie BennLW1121066016:491:2125:2320% 101
Jani HakanpaaD0111412020:111:5003:5300% 002
Jason RobertsonLW0000001018:524:0400:1200% 210
Joe PavelskiC1010004022:354:0413:04038% 801
Mason MarchmentLW0000220011:070:0001:1500% 000
Matt DucheneC0110023020:174:0405:50159% 2210
Miro HeiskanenD0221011029:534:1006:2100% 001
Nils LundkvistD0000220123:503:3405:3000% 000
Radek FaksaC000101109:540:0000:0000% 000
Roope HintzC1120027019:451:2133:12130% 2301
Ryan SuterD0003232324:521:1902:3300% 000
Sam SteelC0111012110:290:0400:00017% 600
Thomas HarleyD0000000116:500:0902:4700% 001
Ty DellandreaC000102008:300:0400:2500% 000
Tyler SeguinC1010005111:431:2100:00050% 200
Wyatt JohnstonC101100207:580:0000:0000% 010

Edmonton Oilers

5 vs 5 Forward
Line #Left WingCenterRight WingPHYDFOFWanted %Time %Time Play
1Zach HymanConnor McDavidMattias Janmark0233736%15:20
2Evander KaneLeon DraisaitlRyan McLeod0233326%11:08
3Adam ErneRyan Nugent-HopkinsSam Gagner1222223%9:43
4Dylan HollowayDerek RyanLane Pederson122815%6:26
5 vs 5 Defense
Line #DefenseDefensePHYDFOFWanted %Time %Time Play
1Mattias EkholmEvan Bouchard1314046%19:33
2Brett KulakMacKenzie Weegar1313531%13:21
3Vincent DesharnaisPhilip Broberg1311518%7:37
4Evan BouchardMacKenzie Weegar122105%2:06
Power Play Forward
Line #Left WingCenterRight WingPHYDFOFWanted %Time %Time Play
1Zach HymanConnor McDavidRyan Nugent-Hopkins0147056%5:51
2Evander KaneDerek RyanMattias Janmark0143044%4:41
Power Play Defense
Line #DefenseDefensePHYDFOFWanted %Time %Time Play
1MacKenzie WeegarLeon Draisaitl0237075%7:51
2Mattias EkholmEvan Bouchard1223025%2:41
Penalty Kill 4 Players Forward
Line #CenterWingPHYDFOFWanted %Time %Time Play
1Ryan Nugent-HopkinsZach Hyman1315070%3:51
2Connor McDavidMattias Janmark1315030%1:38
Penalty Kill 4 Players Defense
Line #DefenseDefensePHYDFOFWanted %Time %Time Play
1Mattias EkholmMacKenzie Weegar1405582%4:29
2Evan BouchardBrett Kulak1404518%1:00
Penalty Kill 3 Players
Line #WingPHYDFOFWanted %Time %Time PlayDefenseDefensePHYDFOFWanted %Time %Time Play
1Ryan Nugent-Hopkins050500%0:00 Mattias EkholmMacKenzie Weegar140550%0:00
2Connor McDavid050500%0:00 Brett KulakEvan Bouchard140450%0:00
4 vs 4 Forward
Line #CenterWingPHYDFOFWanted %Time %Time Play
1Connor McDavidLeon Draisaitl1226074%1:01
2Ryan Nugent-HopkinsZach Hyman1224026%0:21
4 vs 4 Defense
Line #DefensePHYDFOFWanted %Time %Time Play
1Mattias EkholmEvan Bouchard1226072%60% - 0:59
2Brett KulakMacKenzie Weegar1224028%40% - 0:23
Last Minutes Offensive
Left WingCenterRight WingDefenseDefense
Leon DraisaitlConnor McDavidZach HymanMattias EkholmMacKenzie Weegar
Last Minutes Defensive
Left WingCenterRight WingDefenseDefense
Evander KaneRyan Nugent-HopkinsMattias JanmarkBrett KulakEvan Bouchard
Time
Total ForwardTotal DefenseLast Minutes OffensiveLast Minutes Defensive
60:00 60:00 0:000:00
Extra Forwards
Normal PowerPlayPenalty Kill
Connor McDavid, Leon Draisaitl, Ryan Nugent-HopkinsZach Hyman, Adam ErneEvander Kane
Extra Defensemen
Normal PowerPlayPenalty Kill
Mattias Ekholm, MacKenzie Weegar, Evan BouchardPhilip Broberg, Mattias EkholmBrett Kulak
Penalty Shots
Leon Draisaitl, Connor McDavid, Ryan Nugent-Hopkins, Zach Hyman, Evander Kane
Goalie
Stuart Skinner, Jack Campbell
Custom OT Lines Forwards
Leon Draisaitl, Connor McDavid, Ryan Nugent-Hopkins, Zach Hyman, Evander Kane, Adam Erne, Mattias Janmark, Ryan McLeod, Derek Ryan, Sam Gagner
Custom OT Lines Defensemen
MacKenzie Weegar, Mattias Ekholm, Evan Bouchard, Vincent Desharnais, Brett Kulak
Scratches
Warren Foegele (Head Injury), Raphael Lavoie (Healthy), Darnell Nurse (Exhaustion)

Dallas Stars

5 vs 5 Forward
Line #Left WingCenterRight WingPHYDFOFWanted %Time %Time Play
1Jason RobertsonRoope HintzJoe Pavelski1224035%14:58
2Jamie BennSam SteelRadek Faksa1222523%9:50
3Mason MarchmentMatt DucheneTyler Seguin1222523%9:51
4Ty DellandreaCraig SmithWyatt Johnston1221019%7:58
5 vs 5 Defense
Line #DefenseDefensePHYDFOFWanted %Time %Time Play
1Miro HeiskanenDerrick Pouliot1224046%19:30
2Jani HakanpaaRyan Suter1223028%11:48
3Thomas HarleyNils Lundkvist1222025%10:42
4Miro HeiskanenRyan Suter122101%0:37
Power Play Forward
Line #Left WingCenterRight WingPHYDFOFWanted %Time %Time Play
1Matt DucheneJoe PavelskiJason Robertson1226075%4:08
2Jamie BennRoope HintzTyler Seguin1224025%1:21
Power Play Defense
Line #DefenseDefensePHYDFOFWanted %Time %Time Play
1Miro HeiskanenNils Lundkvist1226076%4:10
2Jani HakanpaaRyan Suter1224024%1:19
Penalty Kill 4 Players Forward
Line #CenterWingPHYDFOFWanted %Time %Time Play
1Matt DucheneJamie Benn1226070%7:20
2Joe PavelskiRoope Hintz1224030%3:12
Penalty Kill 4 Players Defense
Line #DefenseDefensePHYDFOFWanted %Time %Time Play
1Nils LundkvistMiro Heiskanen1226060%6:21
2Jani HakanpaaRyan Suter1224040%4:11
Penalty Kill 3 Players
Line #WingPHYDFOFWanted %Time %Time PlayDefenseDefensePHYDFOFWanted %Time %Time Play
1Joe Pavelski122600%0:00 Nils LundkvistMiro Heiskanen122600%0:00
2Roope Hintz122400%0:00 Jani HakanpaaRyan Suter122400%0:00
4 vs 4 Forward
Line #CenterWingPHYDFOFWanted %Time %Time Play
1Roope HintzJoe Pavelski1226066%0:54
2Matt DucheneTyler Seguin1224034%0:28
4 vs 4 Defense
Line #DefensePHYDFOFWanted %Time %Time Play
1Miro HeiskanenNils Lundkvist1226080%60% - 1:06
2Jani HakanpaaRyan Suter1224020%40% - 0:16
Last Minutes Offensive
Left WingCenterRight WingDefenseDefense
Jason RobertsonJoe PavelskiWyatt JohnstonMiro HeiskanenDerrick Pouliot
Last Minutes Defensive
Left WingCenterRight WingDefenseDefense
Nils LundkvistJoe PavelskiJason RobertsonMiro HeiskanenDerrick Pouliot
Time
Total ForwardTotal DefenseLast Minutes OffensiveLast Minutes Defensive
60:00 60:00 0:000:00
Extra Forwards
Normal PowerPlayPenalty Kill
Sam Steel, Ty Dellandrea, Craig SmithSam Steel, Ty DellandreaCraig Smith
Extra Defensemen
Normal PowerPlayPenalty Kill
Ryan Suter, Nils Lundkvist, Jani HakanpaaJani Hakanpaa, Nils LundkvistJani Hakanpaa
Penalty Shots
Tyler Seguin, Jamie Benn, Joe Pavelski, Roope Hintz, Matt Duchene
Goalie
Jake Oettinger, Scott Wedgewood
Custom OT Lines Forwards
Craig Smith, Jamie Benn, Joe Pavelski, Roope Hintz, Matt Duchene, Tyler Seguin, Radek Faksa, Mason Marchment, Sam Steel, Ty Dellandrea
Custom OT Lines Defensemen
Miro Heiskanen, Thomas Harley, Jani Hakanpaa, Ryan Suter, Nils Lundkvist
Scratches
Gavin Bayreuther (Suspend), Matej Blumel (Healthy), Esa Lindell (Suspend)


Play-by-Play

1st period


0:01 of 1st period - Connor McDavid wins face-off versus Jason Robertson in neutral zone.
0:16 of 1st period - Snap shot by Zach Hyman.
0:16 of 1st period - Stopped by Jake Oettinger with a rebound.
1:54 of 1st period - Evan Bouchard is hit by Sam Steel.
2:23 of 1st period - Wrist shot by Matt Duchene.
2:23 of 1st period - Shot Blocked by Mattias Ekholm.
2:25 of 1st period - Wrist shot by Matt Duchene.
2:25 of 1st period - Shot Misses the Net.
3:05 of 1st period - Wrist shot by Dylan Holloway.
3:05 of 1st period - Stopped by Jake Oettinger with a rebound.
3:07 of 1st period - Slapshot by MacKenzie Weegar.
3:07 of 1st period - Shot Misses the Net.
3:27 of 1st period - Radek Faksa is hit by Evander Kane and loses puck.
4:08 of 1st period - Minor Penalty to Lane Pederson for Roughing.
4:09 of 1st period - Ryan Nugent-Hopkins wins face-off versus Joe Pavelski in Edmonton Oilers zone.
4:41 of 1st period - Slapshot by Jamie Benn.
4:41 of 1st period - Stopped by Stuart Skinner with a rebound.
4:43 of 1st period - Snap shot by Roope Hintz.
4:43 of 1st period - Stopped by Stuart Skinner without a rebound.
4:44 of 1st period - Joe Pavelski wins face-off versus Ryan Nugent-Hopkins in Edmonton Oilers zone.
5:10 of 1st period - Off-side.
5:11 of 1st period - Tyler Seguin wins face-off versus Connor McDavid in neutral zone.
5:16 of 1st period - Snap shot by Jamie Benn.
5:16 of 1st period - Stopped by Stuart Skinner without a rebound.
5:17 of 1st period - Connor McDavid wins face-off versus Tyler Seguin in Edmonton Oilers zone.
5:28 of 1st period - Snap shot by Roope Hintz.
5:28 of 1st period - Stopped by Stuart Skinner without a rebound.
5:29 of 1st period - Ryan Nugent-Hopkins wins face-off versus Joe Pavelski in Edmonton Oilers zone.
5:56 of 1st period - Jamie Benn is hit by MacKenzie Weegar.
6:00 of 1st period - MacKenzie Weegar is hit by Jani Hakanpaa and loses puck.
6:08 of 1st period - Penalty to Lane Pederson is over, Lane Pederson is back on ice.
6:59 of 1st period - Slapshot by Miro Heiskanen.
6:59 of 1st period - Shot Blocked by Zach Hyman.
8:06 of 1st period - Snap shot by Tyler Seguin.
8:06 of 1st period - Stopped by Stuart Skinner without a rebound.
8:07 of 1st period - Matt Duchene wins face-off versus Connor McDavid in Edmonton Oilers zone.
8:42 of 1st period - Evan Bouchard is hit by Mason Marchment and loses puck.
8:55 of 1st period - Snap shot by Matt Duchene.
8:55 of 1st period - Stopped by Stuart Skinner without a rebound.
8:56 of 1st period - Roope Hintz wins face-off versus Connor McDavid in Edmonton Oilers zone.
9:30 of 1st period - Snap shot by Sam Steel.
9:30 of 1st period - Shot Misses the Net.
9:50 of 1st period - Snap shot by Adam Erne.
9:50 of 1st period - Stopped by Jake Oettinger with a rebound.
9:52 of 1st period - Slapshot by Ryan Nugent-Hopkins.
9:52 of 1st period - Stopped by Jake Oettinger with a rebound.
9:54 of 1st period - Slapshot by MacKenzie Weegar.
9:54 of 1st period - Stopped by Jake Oettinger with a rebound.
9:56 of 1st period - Slapshot by MacKenzie Weegar.
9:56 of 1st period - Shot Misses the Net.
9:58 of 1st period - Snap shot by Brett Kulak.
9:58 of 1st period - Stopped by Jake Oettinger without a rebound.
9:59 of 1st period - Connor McDavid wins face-off versus Roope Hintz in Dallas Stars zone.
10:02 of 1st period - Backhand shot by Zach Hyman.
10:02 of 1st period - Goal by Zach Hyman - Edmonton Oilers : 1 - Dallas Stars : 0.
10:03 of 1st period - Joe Pavelski wins face-off versus Connor McDavid in neutral zone.
11:43 of 1st period - Slapshot by Evan Bouchard.
11:43 of 1st period - Deflect By Evander Kane.
11:43 of 1st period - Stopped by Jake Oettinger with a rebound.
11:45 of 1st period - Wrist shot by Evander Kane.
11:45 of 1st period - Stopped by Jake Oettinger with a rebound.
11:47 of 1st period - Slapshot by Mattias Ekholm.
11:47 of 1st period - Deflect By Leon Draisaitl.
11:47 of 1st period - Shot Misses the Net.
11:47 of 1st period - Puck is out of play.
11:48 of 1st period - Roope Hintz wins face-off versus Connor McDavid in Dallas Stars zone.
12:45 of 1st period - Ryan Suter is hit by Brett Kulak and loses puck.
12:58 of 1st period - Joe Pavelski is hit by MacKenzie Weegar and loses puck.
13:07 of 1st period - Snap shot by Derek Ryan.
13:07 of 1st period - Stopped by Jake Oettinger with a rebound.
13:19 of 1st period - Minor Penalty to Derek Ryan for Interference.
13:20 of 1st period - Connor McDavid wins face-off versus Joe Pavelski in Edmonton Oilers zone.
13:59 of 1st period - Slapshot by Jason Robertson.
13:59 of 1st period - Shot Misses the Net.
14:01 of 1st period - Slapshot by Joe Pavelski.
14:01 of 1st period - Stopped by Stuart Skinner without a rebound.
14:02 of 1st period - Connor McDavid wins face-off versus Jamie Benn in Edmonton Oilers zone.
14:13 of 1st period - Wrist shot by Roope Hintz.
14:13 of 1st period - Goal by Roope Hintz - Edmonton Oilers : 1 - Dallas Stars : 1.
14:14 of 1st period - Joe Pavelski wins face-off versus Connor McDavid in neutral zone.
14:31 of 1st period - Minor Penalty to Derrick Pouliot for Hooking.
14:32 of 1st period - Matt Duchene wins face-off versus Connor McDavid in Dallas Stars zone.
14:58 of 1st period - Mattias Janmark is hit by Jamie Benn and loses puck.
15:13 of 1st period - Wrist shot by Roope Hintz.
15:13 of 1st period - Stopped by Stuart Skinner with a rebound.
15:27 of 1st period - Slapshot by Leon Draisaitl.
15:27 of 1st period - Stopped by Jake Oettinger without a rebound.
15:28 of 1st period - Matt Duchene wins face-off versus Connor McDavid in Dallas Stars zone.
16:01 of 1st period - Slapshot by Joe Pavelski.
16:01 of 1st period - Shot Misses the Net.
16:31 of 1st period - Penalty to Derrick Pouliot is over, Derrick Pouliot is back on ice.
16:55 of 1st period - Snap shot by Ty Dellandrea.
16:55 of 1st period - Shot Misses the Net.
16:57 of 1st period - Snap shot by Ryan Suter.
16:57 of 1st period - Deflect By Dylan Holloway.
16:57 of 1st period - Stopped by Stuart Skinner without a rebound.
16:58 of 1st period - Connor McDavid wins face-off versus Craig Smith in Edmonton Oilers zone.
17:11 of 1st period - Mattias Janmark is hit by Craig Smith and loses puck.
17:43 of 1st period - Snap shot by Connor McDavid.
17:43 of 1st period - Shot Blocked by Derrick Pouliot.
17:43 of 1st period - Derrick Pouliot from Dallas Stars is injured at 17:43 of 1st period (Strained Right Knee).
17:44 of 1st period - Leon Draisaitl wins face-off versus Jason Robertson in Dallas Stars zone.
18:08 of 1st period - Icing by Leon Draisaitl.
18:09 of 1st period - Leon Draisaitl wins face-off versus Matt Duchene in Edmonton Oilers zone.
18:36 of 1st period - Wrist shot by Ryan Nugent-Hopkins.
18:36 of 1st period - Stopped by Jake Oettinger without a rebound.
18:37 of 1st period - Roope Hintz wins face-off versus Ryan Nugent-Hopkins in Dallas Stars zone.
19:54 of 1st period - Snap shot by Roope Hintz.
19:54 of 1st period - Shot Misses the Net.
Goals for this period are 1 for Edmonton Oilers vs 1 for Dallas Stars.
Shots for this period are 12 for Edmonton Oilers vs 10 for Dallas Stars.

2nd period


0:01 of 2nd period - Leon Draisaitl wins face-off versus Roope Hintz in neutral zone.
0:31 of 2nd period - Snap shot by Connor McDavid.
0:31 of 2nd period - Shot Blocked by Thomas Harley.
0:33 of 2nd period - Slapshot by Zach Hyman.
0:33 of 2nd period - Stopped by Jake Oettinger with a rebound.
0:35 of 2nd period - Snap shot by Mattias Janmark.
0:35 of 2nd period - Stopped by Jake Oettinger without a rebound.
0:36 of 2nd period - Leon Draisaitl wins face-off versus Roope Hintz in Dallas Stars zone.
0:46 of 2nd period - Minor Penalty to Nils Lundkvist for Tripping.
0:47 of 2nd period - Connor McDavid wins face-off versus Matt Duchene in Dallas Stars zone.
0:59 of 2nd period - Wrist shot by Ryan Nugent-Hopkins.
0:59 of 2nd period - Stopped by Jake Oettinger without a rebound.
1:00 of 2nd period - Connor McDavid wins face-off versus Matt Duchene in Dallas Stars zone.
1:37 of 2nd period - Wrist shot by Mattias Janmark.
1:37 of 2nd period - Stopped by Jake Oettinger with a rebound.
2:10 of 2nd period - Snap shot by Roope Hintz.
2:10 of 2nd period - Shot Misses the Net.
2:46 of 2nd period - Penalty to Nils Lundkvist is over, Nils Lundkvist is back on ice.
3:29 of 2nd period - Derek Ryan is hit by Ty Dellandrea and loses puck.
4:40 of 2nd period - Snap shot by Jason Robertson.
4:40 of 2nd period - Shot Blocked by Sam Gagner.
4:52 of 2nd period - Craig Smith is hit by Mattias Ekholm and loses puck.
5:18 of 2nd period - Snap shot by Roope Hintz.
5:18 of 2nd period - Stopped by Stuart Skinner without a rebound.
5:19 of 2nd period - Derek Ryan wins face-off versus Roope Hintz in Edmonton Oilers zone.
5:24 of 2nd period - Roope Hintz is hit by Derek Ryan and loses puck.
5:44 of 2nd period - Connor McDavid is hit by Jamie Benn.
5:50 of 2nd period - Sam Steel is hit by Zach Hyman and loses puck.
6:09 of 2nd period - Wrist shot by Tyler Seguin.
6:09 of 2nd period - Shot Blocked by Leon Draisaitl.
6:25 of 2nd period - Slapshot by Jani Hakanpaa.
6:25 of 2nd period - Stopped by Stuart Skinner without a rebound.
6:26 of 2nd period - Connor McDavid wins face-off versus Craig Smith in Edmonton Oilers zone.
6:51 of 2nd period - Ty Dellandrea is hit by Mattias Ekholm and loses puck.
7:03 of 2nd period - Zach Hyman is hit by Ryan Suter.
7:29 of 2nd period - Slapshot by Miro Heiskanen.
7:29 of 2nd period - Shot Misses the Net.
7:31 of 2nd period - Wrist shot by Craig Smith.
7:31 of 2nd period - Stopped by Stuart Skinner with a rebound.
7:37 of 2nd period - Wrist shot by Wyatt Johnston.
7:37 of 2nd period - Shot Misses the Net.
7:39 of 2nd period - Slapshot by Ryan Suter.
7:39 of 2nd period - Shot Blocked by Mattias Janmark.
7:49 of 2nd period - Snap shot by Wyatt Johnston.
7:49 of 2nd period - Goal by Wyatt Johnston - Edmonton Oilers : 1 - Dallas Stars : 2.
7:50 of 2nd period - Leon Draisaitl wins face-off versus Roope Hintz in neutral zone.
8:25 of 2nd period - Snap shot by MacKenzie Weegar.
8:25 of 2nd period - Stopped by Jake Oettinger with a rebound.
8:27 of 2nd period - Wrist shot by Ryan Nugent-Hopkins.
8:27 of 2nd period - Goal by Ryan Nugent-Hopkins - Edmonton Oilers : 2 - Dallas Stars : 2.
8:28 of 2nd period - Roope Hintz wins face-off versus Leon Draisaitl in neutral zone.
8:33 of 2nd period - Snap shot by Jason Robertson.
8:33 of 2nd period - Shot Misses the Net.
8:35 of 2nd period - Snap shot by Roope Hintz.
8:35 of 2nd period - Stopped by Stuart Skinner with a rebound.
8:37 of 2nd period - Snap shot by Roope Hintz.
8:37 of 2nd period - Shot Misses the Net.
8:57 of 2nd period - Icing by MacKenzie Weegar.
8:58 of 2nd period - Connor McDavid wins face-off versus Sam Steel in Edmonton Oilers zone.
8:58 of 2nd period - Connor McDavid is hit by Radek Faksa.
9:07 of 2nd period - Icing by Jamie Benn.
9:08 of 2nd period - Leon Draisaitl wins face-off versus Sam Steel in Dallas Stars zone.
9:17 of 2nd period - Evander Kane is hit by Jamie Benn.
9:33 of 2nd period - Slapshot by Jamie Benn.
9:33 of 2nd period - Stopped by Stuart Skinner with a rebound.
9:35 of 2nd period - Snap shot by Radek Faksa.
9:35 of 2nd period - Stopped by Stuart Skinner with a rebound.
9:37 of 2nd period - Slapshot by Miro Heiskanen.
9:37 of 2nd period - Stopped by Stuart Skinner without a rebound.
9:38 of 2nd period - Zach Hyman wins face-off versus Roope Hintz in Edmonton Oilers zone.
9:42 of 2nd period - Off-side.
9:43 of 2nd period - Connor McDavid wins face-off versus Roope Hintz in neutral zone.
9:58 of 2nd period - Snap shot by Roope Hintz.
9:58 of 2nd period - Shot Misses the Net.
10:00 of 2nd period - Slapshot by Thomas Harley.
10:00 of 2nd period - Shot Misses the Net.
10:52 of 2nd period - Snap shot by Craig Smith.
10:52 of 2nd period - Stopped by Stuart Skinner with a rebound.
11:12 of 2nd period - Wrist shot by Wyatt Johnston.
11:12 of 2nd period - Stopped by Stuart Skinner without a rebound.
11:13 of 2nd period - Connor McDavid wins face-off versus Roope Hintz in Edmonton Oilers zone.
11:41 of 2nd period - Minor Penalty to Zach Hyman for Interference.
11:42 of 2nd period - Ryan Nugent-Hopkins wins face-off versus Joe Pavelski in Edmonton Oilers zone.
11:51 of 2nd period - Wrist shot by MacKenzie Weegar.
11:51 of 2nd period - Stopped by Jake Oettinger without a rebound.
11:52 of 2nd period - Ryan Nugent-Hopkins wins face-off versus Joe Pavelski in Dallas Stars zone.
12:21 of 2nd period - Wrist shot by Jason Robertson.
12:21 of 2nd period - Shot Blocked by Mattias Ekholm.
12:23 of 2nd period - Snap shot by Matt Duchene.
12:23 of 2nd period - Shot Blocked by MacKenzie Weegar.
12:55 of 2nd period - Slapshot by Joe Pavelski.
12:55 of 2nd period - Shot Misses the Net.
13:31 of 2nd period - Wrist shot by Joe Pavelski.
13:31 of 2nd period - Shot Blocked by MacKenzie Weegar.
13:41 of 2nd period - Penalty to Zach Hyman is over, Zach Hyman is back on ice.
13:55 of 2nd period - Icing by Zach Hyman.
13:56 of 2nd period - Sam Steel wins face-off versus Ryan Nugent-Hopkins in Edmonton Oilers zone.
14:36 of 2nd period - Wrist shot by Ryan Nugent-Hopkins.
14:36 of 2nd period - Stopped by Jake Oettinger with a rebound.
14:58 of 2nd period - Slapshot by Ryan Nugent-Hopkins.
14:58 of 2nd period - Stopped by Jake Oettinger with a rebound.
15:00 of 2nd period - Slapshot by Zach Hyman.
15:00 of 2nd period - Shot Misses the Net.
15:24 of 2nd period - Slapshot by Sam Steel.
15:24 of 2nd period - Shot Misses the Net.
15:33 of 2nd period - Minor Penalty to Jani Hakanpaa for Tripping.
15:34 of 2nd period - Derek Ryan wins face-off versus Craig Smith in Dallas Stars zone.
15:36 of 2nd period - Snap shot by Mattias Janmark.
15:36 of 2nd period - Stopped by Jake Oettinger with a rebound.
16:00 of 2nd period - Joe Pavelski is hit by Leon Draisaitl and loses puck.
17:33 of 2nd period - Penalty to Jani Hakanpaa is over, Jani Hakanpaa is back on ice.
17:51 of 2nd period - Miro Heiskanen is hit by Brett Kulak and loses puck.
17:58 of 2nd period - Sam Gagner is hit by Miro Heiskanen and loses puck.
18:49 of 2nd period - Icing by Sam Steel.
18:50 of 2nd period - Leon Draisaitl wins face-off versus Sam Steel in Dallas Stars zone.
19:07 of 2nd period - Dylan Holloway is hit by Jamie Benn and loses puck.
19:16 of 2nd period - Derek Ryan is hit by Jamie Benn and loses puck.
19:38 of 2nd period - Ryan Suter is hit by MacKenzie Weegar and loses puck.
19:45 of 2nd period - MacKenzie Weegar is hit by Nils Lundkvist and loses puck.
Goals for this period are 1 for Edmonton Oilers vs 1 for Dallas Stars.
Shots for this period are 10 for Edmonton Oilers vs 10 for Dallas Stars.

3rd period


0:01 of 3rd period - Leon Draisaitl wins face-off versus Roope Hintz in neutral zone.
0:30 of 3rd period - Wrist shot by Tyler Seguin.
0:30 of 3rd period - Stopped by Stuart Skinner without a rebound.
0:31 of 3rd period - Connor McDavid wins face-off versus Matt Duchene in Edmonton Oilers zone.
0:37 of 3rd period - Minor Penalty to Mason Marchment for Roughing.
0:38 of 3rd period - Matt Duchene wins face-off versus Connor McDavid in Dallas Stars zone.
0:45 of 3rd period - Wrist shot by Ryan Nugent-Hopkins.
0:45 of 3rd period - Deflect By Zach Hyman.
0:45 of 3rd period - Shot Blocked by Nils Lundkvist.
0:45 of 3rd period - Puck is out of play.
0:46 of 3rd period - Matt Duchene wins face-off versus Connor McDavid in Dallas Stars zone.
1:33 of 3rd period - Ryan Suter is hit by MacKenzie Weegar and loses puck.
2:37 of 3rd period - Penalty to Mason Marchment is over, Mason Marchment is back on ice.
2:54 of 3rd period - Jani Hakanpaa is hit by Sam Gagner and loses puck.
3:05 of 3rd period - Craig Smith is hit by Lane Pederson.
3:19 of 3rd period - Snap shot by Ryan Suter.
3:19 of 3rd period - Stopped by Stuart Skinner without a rebound.
3:20 of 3rd period - Roope Hintz wins face-off versus Ryan Nugent-Hopkins in Edmonton Oilers zone.
3:27 of 3rd period - Slapshot by Jason Robertson.
3:27 of 3rd period - Stopped by Stuart Skinner with a rebound.
3:29 of 3rd period - Wrist shot by Joe Pavelski.
3:29 of 3rd period - Shot Misses the Net.
3:31 of 3rd period - Snap shot by Joe Pavelski.
3:31 of 3rd period - Stopped by Stuart Skinner with a rebound.
3:33 of 3rd period - Snap shot by Joe Pavelski.
3:33 of 3rd period - Stopped by Stuart Skinner without a rebound.
3:34 of 3rd period - Matt Duchene wins face-off versus Leon Draisaitl in Edmonton Oilers zone.
3:47 of 3rd period - Evander Kane is hit by Matt Duchene and loses puck.
4:07 of 3rd period - Connor McDavid is hit by Roope Hintz and loses puck.
4:22 of 3rd period - Dylan Holloway is hit by Ryan Suter and loses puck.
4:27 of 3rd period - Snap shot by Sam Steel.
4:27 of 3rd period - Shot Blocked by Mattias Ekholm.
4:29 of 3rd period - Wrist shot by Sam Steel.
4:29 of 3rd period - Stopped by Stuart Skinner without a rebound.
4:30 of 3rd period - Matt Duchene wins face-off versus Leon Draisaitl in Edmonton Oilers zone.
4:31 of 3rd period - Snap shot by Tyler Seguin.
4:31 of 3rd period - Deflect By Mason Marchment.
4:31 of 3rd period - Shot Misses the Net.
4:31 of 3rd period - Puck is out of play.
4:32 of 3rd period - Matt Duchene wins face-off versus Leon Draisaitl in Edmonton Oilers zone.
4:37 of 3rd period - Slapshot by Tyler Seguin.
4:37 of 3rd period - Stopped by Stuart Skinner without a rebound.
4:38 of 3rd period - Matt Duchene wins face-off versus Leon Draisaitl in Edmonton Oilers zone.
5:39 of 3rd period - Snap shot by Tyler Seguin.
5:39 of 3rd period - Stopped by Stuart Skinner without a rebound.
5:40 of 3rd period - Connor McDavid wins face-off versus Roope Hintz in Edmonton Oilers zone.
6:14 of 3rd period - Wrist shot by Sam Steel.
6:14 of 3rd period - Stopped by Stuart Skinner with a rebound.
6:16 of 3rd period - Slapshot by Jani Hakanpaa.
6:16 of 3rd period - Stopped by Stuart Skinner with a rebound.
6:18 of 3rd period - Slapshot by Jamie Benn.
6:18 of 3rd period - Goal by Jamie Benn - Edmonton Oilers : 2 - Dallas Stars : 3.
6:19 of 3rd period - Roope Hintz wins face-off versus Leon Draisaitl in neutral zone.
6:33 of 3rd period - Snap shot by Ryan McLeod.
6:33 of 3rd period - Stopped by Jake Oettinger without a rebound.
6:34 of 3rd period - Roope Hintz wins face-off versus Connor McDavid in Dallas Stars zone.
6:41 of 3rd period - Wrist shot by Miro Heiskanen.
6:41 of 3rd period - Deflect By Joe Pavelski.
6:41 of 3rd period - Goal by Joe Pavelski - Edmonton Oilers : 2 - Dallas Stars : 4.
6:42 of 3rd period - Leon Draisaitl wins face-off versus Roope Hintz in neutral zone.
6:45 of 3rd period - Wrist shot by Brett Kulak.
6:45 of 3rd period - Stopped by Jake Oettinger without a rebound.
6:46 of 3rd period - Leon Draisaitl wins face-off versus Roope Hintz in Dallas Stars zone.
6:55 of 3rd period - Wrist shot by Leon Draisaitl.
6:55 of 3rd period - Shot Misses the Net.
7:43 of 3rd period - Snap shot by Dylan Holloway.
7:43 of 3rd period - Shot Blocked by Tyler Seguin.
7:45 of 3rd period - Snap shot by Derek Ryan.
7:45 of 3rd period - Stopped by Jake Oettinger without a rebound.
7:46 of 3rd period - Leon Draisaitl wins face-off versus Roope Hintz in Dallas Stars zone.
7:49 of 3rd period - Wrist shot by Evander Kane.
7:49 of 3rd period - Shot Misses the Net.
8:13 of 3rd period - Thomas Harley is hit by Evan Bouchard and loses puck.
8:54 of 3rd period - Icing by Adam Erne.
8:55 of 3rd period - Derek Ryan wins face-off versus Matt Duchene in Edmonton Oilers zone.
8:55 of 3rd period - Derek Ryan is hit by Matt Duchene.
9:04 of 3rd period - Snap shot by Lane Pederson.
9:04 of 3rd period - Stopped by Jake Oettinger with a rebound.
9:06 of 3rd period - Slapshot by Brett Kulak.
9:06 of 3rd period - Shot Misses the Net.
9:08 of 3rd period - Wrist shot by Dylan Holloway.
9:08 of 3rd period - Stopped by Jake Oettinger without a rebound.
9:09 of 3rd period - Leon Draisaitl wins face-off versus Roope Hintz in Dallas Stars zone.
9:13 of 3rd period - Minor Penalty to Ryan Suter for High sticking.
9:14 of 3rd period - Connor McDavid wins face-off versus Matt Duchene in Dallas Stars zone.
10:36 of 3rd period - Jani Hakanpaa is hit by Evan Bouchard and loses puck.
11:13 of 3rd period - Penalty to Ryan Suter is over, Ryan Suter is back on ice.
11:19 of 3rd period - Craig Smith is hit by Ryan McLeod and loses puck.
11:32 of 3rd period - Craig Smith is hit by Leon Draisaitl and loses puck.
11:47 of 3rd period - Sam Gagner is hit by Ryan Suter.
12:12 of 3rd period - Philip Broberg is hit by Mason Marchment and loses puck.
12:24 of 3rd period - Off-side.
12:25 of 3rd period - Connor McDavid wins face-off versus Sam Steel in neutral zone.
12:52 of 3rd period - Evan Bouchard is hit by Craig Smith and loses puck.
13:09 of 3rd period - Philip Broberg is hit by Roope Hintz and loses puck.
14:28 of 3rd period - Mattias Janmark is hit by Nils Lundkvist and loses puck.
14:46 of 3rd period - Icing by Thomas Harley.
14:47 of 3rd period - Adam Erne wins face-off versus Matt Duchene in Dallas Stars zone.
14:50 of 3rd period - Wrist shot by Ryan Nugent-Hopkins.
14:50 of 3rd period - Stopped by Jake Oettinger without a rebound.
14:51 of 3rd period - Matt Duchene wins face-off versus Ryan Nugent-Hopkins in Dallas Stars zone.
15:10 of 3rd period - Wrist shot by Matt Duchene.
15:10 of 3rd period - Stopped by Stuart Skinner with a rebound.
15:20 of 3rd period - Slapshot by MacKenzie Weegar.
15:20 of 3rd period - Shot Blocked by Ryan Suter.
15:22 of 3rd period - Backhand shot by Ryan Nugent-Hopkins.
15:22 of 3rd period - Stopped by Jake Oettinger without a rebound.
15:23 of 3rd period - Connor McDavid wins face-off versus Roope Hintz in Dallas Stars zone.
16:17 of 3rd period - Backhand shot by Roope Hintz.
16:17 of 3rd period - Stopped by Stuart Skinner without a rebound.
16:18 of 3rd period - Ryan Nugent-Hopkins wins face-off versus Matt Duchene in Edmonton Oilers zone.
16:27 of 3rd period - Wrist shot by Tyler Seguin.
16:27 of 3rd period - Goal by Tyler Seguin - Edmonton Oilers : 2 - Dallas Stars : 5.
16:28 of 3rd period - Leon Draisaitl wins face-off versus Sam Steel in neutral zone.
16:36 of 3rd period - Snap shot by Ryan McLeod.
16:36 of 3rd period - Shot Misses the Net.
16:38 of 3rd period - Slapshot by Brett Kulak.
16:38 of 3rd period - Shot Misses the Net.
16:40 of 3rd period - Snap shot by MacKenzie Weegar.
16:40 of 3rd period - Shot Blocked by Ryan Suter.
16:42 of 3rd period - Slapshot by Brett Kulak.
16:42 of 3rd period - Shot Blocked by Sam Steel.
16:44 of 3rd period - Snap shot by Ryan McLeod.
16:44 of 3rd period - Shot Blocked by Ryan Suter.
16:50 of 3rd period - Minor Penalty to Jani Hakanpaa for Tripping.
16:51 of 3rd period - Matt Duchene wins face-off versus Connor McDavid in Dallas Stars zone.
17:18 of 3rd period - Icing by MacKenzie Weegar.
17:19 of 3rd period - Matt Duchene wins face-off versus Derek Ryan in Edmonton Oilers zone.
17:20 of 3rd period - Slapshot by Jamie Benn.
17:20 of 3rd period - Stopped by Stuart Skinner without a rebound.
17:21 of 3rd period - Matt Duchene wins face-off versus Derek Ryan in Edmonton Oilers zone.
17:22 of 3rd period - Wrist shot by Jamie Benn.
17:22 of 3rd period - Stopped by Stuart Skinner with a rebound.
17:24 of 3rd period - Slapshot by Ryan Suter.
17:24 of 3rd period - Deflect By Matt Duchene.
17:24 of 3rd period - Stopped by Stuart Skinner without a rebound.
17:25 of 3rd period - Connor McDavid wins face-off versus Matt Duchene in Edmonton Oilers zone.
17:27 of 3rd period - Minor Penalty to Ryan Nugent-Hopkins for Roughing.
17:28 of 3rd period - Leon Draisaitl wins face-off versus Roope Hintz in Edmonton Oilers zone.
18:21 of 3rd period - Wrist shot by Zach Hyman.
18:21 of 3rd period - Stopped by Jake Oettinger with a rebound.
18:50 of 3rd period - Penalty to Jani Hakanpaa is over, Jani Hakanpaa is back on ice.
19:27 of 3rd period - Penalty to Ryan Nugent-Hopkins is over, Ryan Nugent-Hopkins is back on ice.
19:33 of 3rd period - Dylan Holloway is hit by Jamie Benn and loses puck.
19:53 of 3rd period - Adam Erne is hit by Ty Dellandrea and loses puck.
Goals for this period are 0 for Edmonton Oilers vs 3 for Dallas Stars.
Shots for this period are 8 for Edmonton Oilers vs 18 for Dallas Stars.